 Dungeon Crawl Stone Soup version 0.29.1-4-g47bece8355 (webtiles) character file.

Game seed: 719978410569044401

485 retardedninja the Chopper (level 7, -2/91 HPs)
             Began as a Hill Orc Fighter on Dec 6, 2022.
             Slain by an orc
             ... wielding a +2 whip of electrocution
              (3 damage)
             ... on level 4 of the Dungeon.
             The game lasted 00:03:23 (3538 turns).

retardedninja the Chopper (Hill Orc Fighter)        Turns: 3538, Time: 00:03:25

Health: -2/91      AC: 12    Str: 20    XL:     7   Next: 13%
Magic:  7/7        EV:  7    Int: 12    God:
Gold:   142        SH:  4    Dex:  9    Spells: 6/6 levels left

rFire   . . .      SeeInvis .   a - +0 war axe
rCold   . . .      Faith    .   c - +0 buckler
rNeg    . . .      Spirit   .   r - +1 chain mail
rPois   .          Reflect  .   (no helmet)
rElec   .          Harm     .   (no cloak)
rCorr   .          Rampage  .   o - +0 pair of gloves
Will    .....                   (no boots)
Stlth   ..........              (no amulet)
HPRegen 0.25/turn               k - +4 ring of slaying
MPRegen 0.10/turn               (no ring)

@: mighty, berserking, very quick
A: clever 1, wild magic 1, MP-powered wands
a: no special abilities


You were on level 4 of the Dungeon.
You visited 1 branch of the dungeon, and saw 4 of its levels.

You collected 142 gold pieces.

Inventory:

Hand Weapons
 a - a +0 war axe (weapon)
Armour
 c - a +0 buckler (worn)
 o - a +0 pair of gloves (worn)
 r - a +1 chain mail (worn)
Jewellery
 k - a +4 ring of slaying (left hand)
Potions
 e - 2 potions of flight {unknown}
 f - a potion of mutation
 g - 2 potions of heal wounds {unknown}
 h - a potion of berserk rage
 i - a potion of curing {unknown}
 j - 2 potions of brilliance {unknown}
 m - 2 potions of degeneration {unknown}
 p - a potion of lignification {unknown}


   Skills:
 + Level 5.0 Fighting
 + Level 6.8 Axes
 + Level 4.9 Armour
 + Level 1.3 Dodging
 + Level 0.2 Stealth
 + Level 4.0 Shields


You had 6 spell levels left.
You didn't know any spells.
Your spell library was empty.

Dungeon Overview and Level Annotations

Branches:
Dungeon (4/15)
 Temple: D:4-7

Altars:
Kikubaaqudgha
Ru

Shops:
D:2 (


Innate Abilities, Weirdness & Mutations

Your mind is acute. (Int +4, Str/Dex -1)
Your spells are a little harder to cast, but a little more powerful.
You expend magic power (3 MP) to strengthen your wands.


Message History

You are electrocuted!
The orc hits you but does no damage.
The gnoll hits you from afar with a +0 spear.
You barely miss the orc. You slash the orc!
You kill the orc!
You hit the black bear. You slash the orc wizard!
You kill the orc wizard!
The orc hits you with a +2 whip of electrocution.
You are electrocuted!
* * * LOW HITPOINT WARNING * * *
The black bear bites you but does no damage.
The black bear claws you but does no damage. x2
The gnoll hits you but does no damage. The gnoll hits you with a +0 whip!
* * * LOW HITPOINT WARNING * * *
The gnoll hits you but does no damage.
The black bear goes berserk!
You see here a +0 dagger.
Unknown command.
It was a potion of mutation.
You feel extremely strange.
You feel clever.
You feel your magical essence link to the dungeon's wands.
You feel less in control of your magic.
You feel less confused.
The black bear bites you but does no damage.
The black bear claws you but does no damage.
The black bear closely misses you. You block the gnoll's attack.
The orc barely misses you. The gnoll barely misses you.
The black bear bites you.
* * * LOW HITPOINT WARNING * * *
The black bear claws you.
* * * LOW HITPOINT WARNING * * *
The black bear claws you but does no damage.
Okay, then.
You aren't carrying any scrolls.
It was a potion of berserk rage.
A red film seems to cover your vision as you go berserk!
You feel yourself moving faster!
You feel mighty! The gnoll hits you with a +0 whip.
* * * LOW HITPOINT WARNING * * *
The orc hits you with a +2 whip of electrocution.
You die...

#.............. ....
#####.#.########....
#.#.............
#.#.............
#.#......$......
#.#.............
#.#.........##
#.#.....oh..+
#....)@gg.#
#......g..#
###...........
#.....!.....
+...........
#...........
#.........##
#.........#


You could see a black bear (berserk), 3 gnolls and an orc.

Vanquished Creatures
  Sigmund (D:3)
  An ogre (D:3)
  Jessica (D:3)
  Terence (D:3)
  Natasha (thrice) (D:3)
  An orc wizard (D:4)
  A gnoll (D:4)
  2 adders (D:2)
  2 worms (D:3)
  2 dart slugs (D:3)
  4 orcs
  A bat (D:3)
  2 endoplasms (D:1)
  2 giant cockroaches
  5 goblins
  10 hobgoblins
  A quokka (D:3)
  7 ball pythons
  6 frilled lizards
  2 kobolds
  6 rats
61 creatures vanquished.

Notes
Turn   | Place    | Note
-------+----------+-------------------------------------------
     0 | D:1      | retardedninja the Hill Orc Fighter began the quest for the
                  | Orb.
     0 | D:1      | Reached XP level 1. HP: 19/19 MP: 1/1
   572 | D:1      | Reached XP level 2. HP: 27/27 MP: 2/2
   644 | D:1      | Reached skill level 3 in Axes
   901 | D:2      | Found Uhuna's Weapon Shoppe.
  1011 | D:2      | Reached XP level 3. HP: 25/33 MP: 3/3
  1610 | D:3      | Noticed Natasha
  1614 | D:3      | Killed Natasha
  1615 | D:3      | Reached skill level 4 in Axes
  1615 | D:3      | Reached XP level 4. HP: 40/40 MP: 4/4
  1640 | D:3      | Noticed Jessica
  1655 | D:3      | Killed Jessica
  2171 | D:3      | Noticed Natasha
  2179 | D:3      | Killed Natasha
  2180 | D:3      | Reached skill level 5 in Axes
  2180 | D:3      | Reached XP level 5. HP: 26/46 MP: 5/5
  2376 | D:3      | Noticed an ogre
  2381 | D:3      | Killed an ogre
  2591 | D:3      | Reached skill level 1 in Dodging
  2712 | D:3      | Noticed Natasha
  2716 | D:3      | Killed Natasha
  2717 | D:3      | Reached XP level 6. HP: 53/53 MP: 6/6
  2745 | D:3      | Noticed Sigmund
  2752 | D:3      | Killed Sigmund
  2753 | D:3      | Reached skill level 6 in Axes
  2827 | D:3      | Noticed Terence
  2835 | D:3      | Killed Terence
  2836 | D:3      | Reached XP level 7. HP: 43/60 MP: 7/7
  3514 | D:4      | Found an ancient bone altar of Kikubaaqudgha.
  3516 | D:4      | Found a sacrificial altar of Ru.
  3533 | D:4      | Reached skill level 5 in Fighting
  3537 | D:4      | Gained mutation: Your mind is acute. (Int +4, Str/Dex -1)
                  | [potion of mutation]
  3537 | D:4      | Gained mutation: You expend magic power (3 MP) to
                  | strengthen your wands. [potion of mutation]
  3537 | D:4      | Gained mutation: Your spells are a little harder to cast,
                  | but a little more powerful. [potion of mutation]
  3537 | D:4      | HP: 3/61 [black bear (1)]
  3538 | D:4      | HP: 1/91 [gnoll/+0 whip (4)]
  3538 | D:4      | Slain by an orc

Illustrated notes

Levels and vault maps discovered:
D:1:      lightli_arrival_maybe_door_vault, layout_rooms
D:2:      layout_rooms, serial_shops, shop
D:3:      layout_basic, minmay_ruptured, uniq_natasha, uniq_sigmund,
          uniq_jessica, uniq_terence
D:4:      layout_basic, mainiacjoe_overflow_boulevard,
          chequers_temple_overflow_statue_of_worship

Skill      XL: |  1  2  3  4  5  6  7 |
---------------+----------------------+-----
Axes           | 3 4 5 6 |  6.8
Fighting       | 4 5 |  5.0
Armour         | 4 |  4.9
Dodging        | 1 |  1.3
Shields        | 4 |  4.0
Stealth        | |  0.2

Action                   |  1- 3 |  4- 6 |  7- 9 || total
-------------------------+-------+-------+-------++-------
Melee: War axe           |    77 |    39 |    18 ||   134
  Use: Potion            |       |     1 |     3 ||     4
       Scroll            |       |       |     3 ||     3
Armor: Scale mail        |    29 |    12 |     1 ||    42
       Chain mail        |       |       |    28 ||    28
Dodge: Dodged            |    32 |     5 |    16 ||    53
Block: Buckler           |    18 |     4 |     6 ||    28
